 Dungeon Crawl Stone Soup version 0.29-a0-330-g52719c12eb (webtiles) character file.

Game seed: 3876071423245008556

35 Aelig the Vexing (level 3, -1/24 HPs)
             Began as a Vampire Enchanter on May 16, 2022.
             Succumbed to an adder's poison
             ... on level 2 of the Dungeon.
             The game lasted 00:02:41 (1252 turns).

Aelig the Vexing (Vampire Enchanter)                Turns: 1252, Time: 00:02:42

Health: -1/24      AC:  2    Str:  7    XL:     3   Next: 17%
Magic:  0/6        EV: 12    Int: 19    God:
Gold:   76         SH:  0    Dex: 14    Spells: 1/6 levels left

rFire   . . .      SeeInvis +   a - +1 dagger
rCold   . . .      Faith    .   (no shield)
rNeg    . . .      Spirit   .   b - +0 robe
rPois   .          Reflect  .   (no helmet)
rElec   .          Harm     .   (no cloak)
rCorr   .          Rampage  .   (no gloves)
Will    .....                   (no boots)
Stlth   +++.......              (no amulet)
HPRegen 0.28/turn               i - ring of flight
MPRegen 0.10/turn               (no ring)

@: lethally poisoned (-1 -> -6), flying, healing quickly
A: alive, fangs 3, see invisible, vampiric 2
a: Exsanguinate


You were on level 2 of the Dungeon.
You visited 1 branch of the dungeon, and saw 2 of its levels.

You collected 76 gold pieces.

Inventory:

Hand Weapons
 a - a +1 dagger (weapon)
Missiles
 h - 8 stones (quivered)
 j - a throwing net
 k - 4 silver boomerangs
Armour
 b - a +0 robe (worn)
Jewellery
 i - a ring of flight (left hand)
 o - an amulet of faith
Scrolls
 e - 2 scrolls of teleportation {unknown}
 f - a scroll of enchant armour {unknown}
 g - a scroll of magic mapping {unknown}
 q - a scroll of identify {unknown}
 r - a scroll of fog {unknown}
Potions
 c - 2 potions of invisibility
 d - a potion of haste {unknown}
 l - a potion of attraction {unknown}
 n - a potion of magic {unknown}


   Skills:
 - Level 1.1 Short Blades
 - Level 2.1 Dodging
 - Level 4.4 Stealth
 - Level 2.0 Spellcasting
 + Level 6.3 Hexes


You had one spell level left.
You knew the following spells:

 Your Spells              Type           Power      Damage    Failure   Level
a - Ensorcelled Hibernat  Hex/Ice        28%        N/A       7%          2
b - Confusing Touch       Hex            26%        N/A       3%          3

Your spell library contained the following spells:

 Spells                   Type           Power      Damage    Failure   Level
 Tukima's Dance           Hex            26%        N/A       3%          3
 Dazzling Flash           Conj/Hex       28%        N/A       14%         3


Dungeon Overview and Level Annotations

Branches:
Dungeon (2/15)

Altars:


Innate Abilities, Weirdness & Mutations

Your natural rate of healing is accelerated.
You have razor-sharp teeth.
You have supernaturally acute eyesight. (SInv)
You are afflicted with vampirism and can become a bat while bloodless.


Message History

The adder bites you.
You are poisoned.
The adder poisons you! The adder closely misses you.
Casting: Ensorcelled Hibernation (safe; 7% risk of failure)
Confirm with . or Enter, or press ? or * to list all spells.
Aiming: Ensorcelled Hibernation (safe; 7% risk of failure)
Press: ? - help, Shift-Dir - straight line, f/p - adder
Aim: an adder (moderately wounded, chance to affect: 56%)
The adder resists with significant effort.
You feel sick. The adder misses you.
You barely miss the adder.
The adder is moderately wounded.
You feel sick. The adder closely misses you.
You closely miss the adder. You bite the adder, but do no damage.
The adder is moderately wounded.
You feel sick. The adder bites you.
You closely miss the adder. Your punch misses the adder.
The adder is moderately wounded.
You feel sick.
You are no longer poisoned.
The adder closely misses you. x2
Okay, then.
You barely miss the adder.
The adder is moderately wounded.
The adder bites you.
* * * LOW HITPOINT WARNING * * *
You miss the adder.
The adder is moderately wounded.
The adder barely misses you.
You miss the adder.
The adder is moderately wounded.
The adder barely misses you.
It was a potion of flight.
You feel more buoyant. The adder closely misses you.
The adder barely misses you. The adder attacks as you move away!
The adder bites you.
* * * LOW HITPOINT WARNING * * *
You are lethally poisoned!
The adder poisons you!
You die...

##### ##
#...#
.#######...#
.....b.....#
..#####....#
..# #.....#
..# #.#####
#### ..# #.#
####..# ..#
#.# #bS.@.#
..# ##.#
#.###.# ..#
#..# ####>#
.# ..#
#.####.<..#
##
#.###..####
##.#...##
###....###
#..).###
.....##


You could see an adder and a bat.

Vanquished Creatures
  A gnoll (D:1)
  A dart slug (D:1)
  2 ball pythons (D:1)
  2 endoplasms (D:1)
  A giant cockroach (D:1)
  7 hobgoblins (D:1)
  A bat (D:1)
  2 frilled lizards (D:1)
  2 goblins
  3 rats
22 creatures vanquished.

Notes
Turn   | Place    | Note
-------+----------+-------------------------------------------
     0 | D:1      | Aelig the Vampire Enchanter began the quest for the Orb.
     0 | D:1      | Reached XP level 1. HP: 13/13 MP: 3/3
   156 | D:1      | Reached skill level 5 in Hexes
   161 | D:1      | Reached XP level 2. HP: 16/19 MP: 5/5
   166 | D:1      | Learned a level 2 spell: Ensorcelled Hibernation
   666 | D:1      | Found a faded altar of an unknown god.
   947 | D:1      | Reached skill level 6 in Hexes
   947 | D:1      | Gained mutation: You are afflicted with vampirism and can
                  | become a bat while bloodless. [Vampire growth]
   947 | D:1      | Reached XP level 3. HP: 24/24 MP: 3/6
  1012 | D:1      | Learned a level 3 spell: Confusing Touch
  1252 | D:2      | HP: 1/24 [adder (4)]
  1252 | D:2      | Succumbed to an adder's poison

Illustrated notes

Levels and vault maps discovered:
D:1:      giann_horns, layout_loops_ring, shapermc_ecumenical_altar_notcrosses,
          palyth_stone_intersect
D:2:      layout_rooms, basic_altar, uniq_natasha

Skill      XL: |  1  2 |
---------------+-------+-----
Hexes          | 5 6 |  6.3
Short Blades   | |  1.1
Dodging        | |  2.1
Stealth        | |  4.4
Spellcasting   | |  2.0

Action                   || total
-------------------------++-------
Melee: Dagger            ||    78
       Bite              ||     3
       Punch             ||     1
 Cast: Ensorcelled Hiber ||    11
 Abil: Exsanguinate      ||     1
  Use: Potion            ||     2
 Stab: Sleeping          ||    10
Armor: Robe              ||    27
Dodge: Dodged            ||    63

Table legend: (Time is in decaauts)
 A = Elapsed time spent in this place.
 B = Non-inter-level travel time spent in this place.
 C = Inter-level travel time spent in this place.
 D = Time resting spent in this place.
 E = Time spent auto-exploring this place.
 F = Levels seen in this place.
 G = Mean time per level.
                   A        B        C        D        E       F      G
               +--------+--------+--------+--------+--------+-----+--------+
         Total |   1246 |   1209 |     37 |    195 |    706 |   2 |  623.0 |
       Dungeon |   1246 |   1209 |     37 |    195 |    706 |   2 |  623.0 |
               +--------+--------+--------+--------+--------+-----+--------+

Top non-repeatable levels by time:
     D:1: 1149 daAuts
     D:2: 97 daAuts
